 Dungeon Crawl Stone Soup version 0.28-a0-413-gde365fb1df (webtiles) character file.

Game seed: 8101091079786880874

7 rabbitsville the Chopper (level 1, 0/20 HPs)
             Began as a Minotaur Chaos Knight on Sept 8, 2021.
             Was a Plaything of Xom.
             Slain by a human (shapeshifter) (2 damage)
             ... on level 1 of the Dungeon.
             The game lasted 00:01:24 (515 turns).

rabbitsville the Chopper (Minotaur Chaos Knight)     Turns: 515, Time: 00:01:25

Health: 0/20       AC:  5    Str: 16    XL:     1   Next: 83%
Magic:  0/0        EV: 11    Int:  9    God:    Xom [..*...]
Gold:   27         SH:  0    Dex:  9    Spells: 0/0 levels left

rFire   . . .      SeeInvis .   a - +0 hand axe (chaos)
rCold   . . .      Faith    .   (no shield)
rNeg    . . .      Spirit   .   b - +2 leather armour
rPois   .          Reflect  .   (helmet restricted)
rElec   .          Harm     .   (no cloak)
rCorr   .          Rampage  .   (no gloves)
Will    .....                   (no boots)
Stlth   +.........              (no amulet)
HPRegen 0.06/turn               (no ring)
MPRegen 0.07/turn               (no ring)

@: no status effects
A: horns 2, retaliatory headbutt
a: Renounce Religion


You were on level 1 of the Dungeon.
You worshipped Xom.
You were a toy of Xom.
You visited 1 branch of the dungeon, and saw 1 of its levels.

You collected 27 gold pieces.

Inventory:

Hand Weapons
 a - a +0 hand axe of chaos (weapon)
Armour
 b - a +2 leather armour (worn)


   Skills:
 + Level 3.8 Fighting
 * Level 4.0 Axes
 - Level 2.4 Armour
 - Level 1.1 Dodging


You couldn't memorise any spells.
You didn't know any spells.
Your spell library was empty.

Dungeon Overview and Level Annotations

Branches:
Dungeon (1/15)

Altars:


Innate Abilities, Weirdness & Mutations

You have a pair of horns on your head.
You reflexively headbutt those who attack you in melee.


Message History

Found 22 sling bullets.
The endoplasm quivers.
The endoplasm hits you but does no damage.
You hit the endoplasm.
The endoplasm changes into a shapeshifter!
Xom is mildly amused.
The shapeshifter changes into a human!
You closely miss the human. You barely miss the human.
Your trail of clouds dissipates.
The human hits you.
You barely miss the human.
The human hits you but does no damage. x2
You closely miss the human. Your headbutt misses the human. The human hits you.
You hit the human. You freeze the human. Your headbutt misses the human.
The human is lightly wounded.
The human hits you but does no damage.
You hit the human. You burn the human.
The human is moderately wounded.
The human misses you.
You hit the human.
The human is moderately wounded.
The human closely misses you.
You completely miss the human. Your headbutt misses the human.
The human is moderately wounded.
The human hits you.
You closely miss the human.
The human is moderately wounded.
The human hits you!
* * * LOW HITPOINT WARNING * * *
You slash the human! Lightning courses through the human!
The human is severely wounded.
The human hits you.
* * * LOW HITPOINT WARNING * * *
Press: ? - help, v - describe, . - travel The floor.
You closely miss the human.
The human is severely wounded.
The human hits you.
You die...
Xom chuckles heartily!

#.......#####........8######
#.(........###≈≈≈≈≈##+#
##..#######.######## #..#
#.# #..# #.# #..# #.# #..#
#.# ###..#######.#####.#
#.....##....@p.....#
#.###.##.##..####### #.
#....##.(# # #.#####....
...# #.#### ##.## #.# #. #.#
## #.#


You could see a human shaped shifter.

Vanquished Creatures
  A dart slug (D:1)
  A ball python (D:1)
  An endoplasm (D:1)
  A kobold (D:1)
  A rat (D:1)
5 creatures vanquished.

Notes
Turn   | Place    | Note
-------+----------+-------------------------------------------
     0 | D:1      | rabbitsville the Minotaur Chaos Knight began the quest for
                  | the Orb.
     0 | D:1      | Reached XP level 1. HP: 19/19 MP: 0/0
    23 | D:1      | XOM: butterfly on damage
   182 | D:1      | XOM: silly message
   208 | D:1      | Reached skill level 4 in Axes
   396 | D:1      | XOM: cloud trail
   504 | D:1      | Noticed a shapeshifter
   504 | D:1      | an endoplasm changed into a shapeshifter
   504 | D:1      | Noticed a human
   504 | D:1      | a shapeshifter changed into a human
   515 | D:1      | Slain by a human (shapeshifter)

Illustrated notes

Levels and vault maps discovered:
D:1:      wander_arrival_chamber, layout_loops_ring

Skill      XL: |  1 |
---------------+----+-----
Axes           | 4 |  4.0
Fighting       | |  3.8
Armour         | |  2.4
Dodging        | |  1.1

Action                   || total
-------------------------++-------
Melee: Hand axe          ||    30
       Headbutt          ||     3
Armor: Leather armour    ||     9
Dodge: Dodged            ||     7

Table legend: (Time is in decaauts)
 A = Elapsed time spent in this place.
 B = Non-inter-level travel time spent in this place.
 C = Inter-level travel time spent in this place.
 D = Time resting spent in this place.
 E = Time spent auto-exploring this place.
 F = Levels seen in this place.
 G = Mean time per level.
                   A        B        C        D        E       F      G
               +--------+--------+--------+--------+--------+-----+--------+
         Total |    518 |    518 |      0 |      0 |    451 |   1 |  518.0 |
       Dungeon |    518 |    518 |      0 |      0 |    451 |   1 |  518.0 |
               +--------+--------+--------+--------+--------+-----+--------+

Top non-repeatable levels by time:
     D:1: 518 daAuts
